 Dungeon Crawl Stone Soup version 0.19.1 (webtiles) character file.

513 shmeve the Ducker (level 7, -2/70 HPs)
             Began as a Troll Berserker on Nov 28, 2016.
             Was a Priest of Trog.
             Slain by an orc
             ... wielding a +0 morningstar
              (9 damage)
             ... on level 5 of the Dungeon.
             The game lasted 00:06:54 (3564 turns).

shmeve the Ducker (Troll Berserker)                 Turns: 3564, Time: 00:06:55

Health: -2/70      AC:  5    Str: 26    XL:     7   Next: 0%
Magic:  6/6        EV: 12    Int:  3    God:    Trog [***...]
Gold:   203        SH:  0    Dex: 11    Spells: 0 memorised, 6 levels left

rFire  . . .     SeeInvis .     x - +0 giant club
rCold  . . .     Gourm    +     r - +0 robe (curse)
rNeg   . . .     Faith    .     (shield currently unavailable)
rPois  .         Spirit   .     (helmet restricted)
rElec  .         Reflect  .     (no cloak)
rCorr  +         Harm     .     (gloves unavailable)
MR     .....                    (boots unavailable)
Stlth  +.........               (no amulet)
                                y - ring of resist corrosion
                                n - +1 ring of evasion

@: no status effects
A: unfitting armour, claws 3, fast metabolism 3, gourmand, regeneration 1,
shaggy fur 1, tough skin 2
a: Berserk, Trog's Hand, Burn Spellbooks, Renounce Religion


You were on level 5 of the Dungeon.
You worshipped Trog.
Trog was most pleased with you.
You were not hungry.

You visited 1 branch of the dungeon, and saw 5 of its levels.

You collected 203 gold pieces.

Inventory:

Hand Weapons
 x - a +0 giant club (weapon)
Armour
 r - a cursed +0 robe (worn)
Jewellery
 n - a +1 ring of evasion (left claw)
 y - a ring of resist corrosion (right claw)
Scrolls
 a - 4 scrolls of enchant armour {unknown}
 f - 6 scrolls of identify {unknown}
 i - 3 scrolls of remove curse {unknown}
 k - a scroll of blinking {unknown}
 o - a scroll of magic mapping {unknown}
 q - a scroll of recharging {unknown}
 u - a scroll of fog {unknown}
 v - 2 scrolls of random uselessness {unknown}
 z - a scroll of immolation {unknown}
Potions
 b - a potion of resistance {unknown}
 d - a potion of cure mutation {unknown}
 e - 7 potions of curing {unknown}
 g - a potion of invisibility {unknown}
 j - a potion of degeneration {unknown}
 l - 2 potions of heal wounds {unknown}
 p - a potion of agility {unknown}
 s - a potion of haste {unknown}
 t - a potion of cancellation {unknown}
Comestibles
 c - 5 bread rations
 h - a meat ration
 m - 3 beef jerkies
 w - a slice of pizza


   Skills:
 * Level 4.1 Fighting
 * Level 4.1 Maces & Flails
 + Level 2.2 Throwing
 * Level 4.2 Dodging


You had 6 spell levels left.
You didn't know any spells.

Dungeon Overview and Level Annotations

Branches:
Dungeon (5/15)
 Temple: D:4-7

Altars:
Nemelex Xobeh
Uskayaw


Innate Abilities, Weirdness & Mutations

You are too large for most types of armour.
You have claws for hands.
Your metabolism is lightning-fast.
You like to eat raw meat.
Your natural rate of healing is unusually fast.
You are covered in fur. (AC +1)
You have very tough skin. (AC +2)


Message History

You're too confused!
You're too confused!
You closely miss the orc. The orc closely misses you. Something hits you.
The orc hits you but does no damage. The orc hits you with a whip.
* * * LOW HITPOINT WARNING * * *
Something hits you but does no damage.
You're too confused to move!
The orc barely misses you. The orc hits you with a whip.
* * * LOW HITPOINT WARNING * * *
The orc hits you with a morningstar.
* * * LOW HITPOINT WARNING * * *
Something hits you.
* * * LOW HITPOINT WARNING * * *
You miss something.
You feel less confused. The orc hits you.
* * * LOW HITPOINT WARNING * * *
The orc misses you. Something hits you but does no damage.
The orc hits you with a morningstar!
You die...

...................
.................#
)...............#
................#
................##
.(..........#....#
............##...##
........#...###o{o#
........##..# ##@.#
##......##..##
##o.# .(....###..#
...# ..#....##..#
...# #.###..##..##
#....
#.###...#...##
.....
#..###.......#
....## #..#
#.......# .....
###..# #..........


You could see 3 orcs.

Vanquished Creatures
  An ogre (D:4)
  A scorpion (D:4)
  A crimson imp (D:5)
  3 hounds
  2 bullfrog skeletons
  A worker ant (D:5)
  3 gnolls (D:5)
  3 adders
  An ooze (D:2)
  A worm (D:2)
  4 dart slugs
  A leopard gecko (D:1)
  8 orcs
  16 bats
  5 giant cockroaches
  6 goblins
  10 hobgoblins
  4 jackals
  A quokka (D:2)
  A ball python (D:4)
  12 frilled lizards
  A jackal skeleton (D:3)
  8 kobolds
  9 rats
103 creatures vanquished.

Notes
Turn   | Place    | Note
-------+----------+-------------------------------------------
     0 | D:1      | shmeve the Troll Berserker began the quest for the Orb.
     0 | D:1      | Reached XP level 1. HP: 22/22 MP: 0/0
   136 | D:1      | Reached XP level 2. HP: 29/29 MP: 1/1
   427 | D:1      | Reached ** piety under Trog
   512 | D:1      | Reached XP level 3. HP: 36/36 MP: 2/2
  1008 | D:2      | Found a sparkling altar of Nemelex Xobeh.
  1070 | D:2      | Reached skill level 1 in Throwing
  1383 | D:2      | Reached XP level 4. HP: 44/44 MP: 3/3
  1756 | D:3      | Reached *** piety under Trog
  2100 | D:3      | Reached XP level 5. HP: 40/53 MP: 4/4
  2526 | D:4      | Noticed an ogre
  2533 | D:4      | Killed an ogre
  2595 | D:4      | Found a hide-covered altar of Uskayaw.
  2760 | D:4      | Reached XP level 6. HP: 59/62 MP: 5/5
  3205 | D:5      | Entered Level 5 of the Dungeon
  3558 | D:5      | Reached XP level 7. HP: 45/70 MP: 6/6
  3564 | D:5      | Slain by an orc

Skill      XL: |  1  2  3  4  5  6 |
---------------+-------------------+-----
Dodging        | 3 4 |  4.2
Maces & Flails | 3 4 |  4.1
Throwing       | 1 2 |  2.2
Fighting       | 3 4 |  4.1

Action                   |  1- 3 |  4- 6 |  7- 9 || total
-------------------------+-------+-------+-------++-------
Melee: Mace              |   172 |    97 |       ||   269
       Giant club        |       |    73 |     3 ||    76
Invok: Berserk           |       |     1 |       ||     1
 Stab: Sleeping          |       |     1 |       ||     1
  Eat: Chunk             |    19 |    13 |       ||    32
Armor: Animal skin       |    92 |       |       ||    92
       Robe              |       |    88 |     5 ||    93
Dodge: Dodged            |   160 |   144 |     6 ||   310
